AoeStats
← Striker081488

Arabia

509527825Analyzed
1v1 RM · 5d ago on Sep 27, 2026· 21m 35s· 2 players
Game mode
Random Map
Map size
Tiny (2 player)
Population
200
Speed
Normal
Resources
Standard
Victory
Conquest
Starting age
Dark Age
Ending age
Imperial Age
RankedLock teamsTeams togetherTeam positionsShared explorationLock speedFull tech treeHidden civsTurbo modeCheats
Victory
Defeat
🇨🇳 Teutons · China
381
+19
🇧🇷 Franks · Brazil
446
-19
chiyishi
7:41 Loom
11:00 Feudal Age
11:44 Man-at-Arms
13:35 Double-Bit Axe
14:23 Gold Mining
16:40 Fletching
18:23 Scale Mail Armor
20:09 Forging
Striker081488
5:07 Loom
10:22 Feudal Age
10:51 Double-Bit Axe
10:59 Man-at-Arms
12:37 Wheelbarrow
Connection lost

Rejoining the realm…

Still unreachable

The connection could not be restored.

Session expired

The server has moved on; the page needs a fresh start.